[Event "Hull 4NCL GM Tournament"]
[Site "Hull University, Hull, UK"]
[Date "2021.10.20"]
[Round "1.1"]
[White "Murphy, Conor E"]
[Black "Willow, Jonah B"]
[Result "1-0"]
[TimeControl "90+30"]
[WhiteClock "00:07:08"]
[BlackClock "00:00:12"]
[WhiteElo "2428"]
[BlackElo "2353"]

1. e4 e5 2. Nf3 Nc6 3. Bb5 a6 4. Ba4 Nf6 5. O-O Nxe4 6. d4 Be7 7. Re1 b5 8. Rxe4 d5 9. Nxe5 Nxe5 10.
Rxe5 bxa4 11. b3 O-O 12. Ba3 Bxa3 13. Nxa3 axb3 14. axb3 Be6 15. Nb1 Qh4 16. Nc3 c6 17. Na4 Rae8 18.
Qd2 f6 19. Re3 Bf5 20. Rae1 Qg5 21. Qc3 Rxe3 22. Rxe3 Bh3 23. g3 h5 24. Nb6 Qg4 25. f3 Qg5 26. Kf2 f5 27. f4 Qg4 28.
Nd7 1-0

[ePGN "0.1;DGT LiveChess/2.2.5"]

[Event "Hull 4NCL GM Tournament"]
[Site "Hull University, Hull, UK"]
[Date "2021.10.20"]
[Round "1.2"]
[White "Wadsworth, Matthew J"]
[Black "Clarke, Brandon G I"]
[Result "0-1"]
[TimeControl "90+30"]
[WhiteElo "2425"]
[BlackElo "2442"]

1. c4 Nf6 2. g3 g6 3. Bg2 Bg7 4. Nc3 O-O 5. d3 d6 6. Bg5 h6 7. Bd2 Nc6 8. Rb1 a5 9. Qc1 Kh7 10.
h4 e5 11. h5 g5 12. Nf3 Nd7 13. Nxg5+ hxg5 14. Bxg5 Bf6 15. Be4+ Kg7 16. Bh6+ Kh8 17. Bxf8 Qxf8 18. Nd5 Bd8 19.
g4 f6 20. Ne3 Qh6 21. Bg6 Nc5 22. Nf5 Qg5 23. Qxg5 fxg5 24. Kd2 a4 25. h6 Bf6 26. h7 Be6 27. Nh6 Rf8 28. Bf5 Bxf5 29.
Nxf5 e4 30. b4 axb3 31. axb3 exd3 32. exd3 Nd4 33. b4 Ncb3+ 34. Kd1 Nxf5 35. gxf5 Nd4 36. Ra1 Nxf5 37. Ra7 Rb8 38. Ra5 Nd4 39. Rh6 Rf8 40. Ra7 Be5 41.
Ke1 g4 42. Rg6 Nc2+ 43. Ke2 Kxh7 44. Rxg4 Bd4 45. Rxd4 Nxd4+ 46. Ke3 Nc2+ 47. Kd2 Nxb4 48. Rxb7 Na6 49. Ke3 Re8+ 50. Kf3 Re7 51.
d4 Kg6 52. Kg4 Re4+ 53. f4 Rxd4 54. Ra7 Nc5 55. Rxc7 Rxf4+ 56. Kh3 Rxc4 57. Rc6 Rd4 58. Kg3 Kf5 59. Rc8 Rd3+ 60. Kf2 Nd7 61.
Ke2 Ne5 62. Re8 Ra3 63. Rh8 d5 64. Rh5+ Kf4 65. Rh4+ Ng4 66. Kd2 d4 67. Kc2 Rg3 68. Rh8 Ke4 69. Re8+ Ne5 0-1

[Event "Hull 4NCL GM Tournament"]
[Site "Hull University, Hull, UK"]
[Date "2021.10.20"]
[Round "1.3"]
[White "Davies, Nigel R"]
[Black "Jackson, James P"]
[Result "1/2-1/2"]
[TimeControl "90+30"]
[WhiteElo "2475"]
[BlackElo "2386"]

1. Nf3 Nf6 2. g3 g6 3. Bg2 Bg7 4. O-O O-O 5. c4 d6 6. d4 Nc6 7. Nc3 e5 8. d5 Nb8 9. e4 a5 10.
h3 Na6 11. Be3 Nd7 12. Qd2 f5 13. Ng5 Ndc5 14. f4 exf4 15. Bxf4 fxe4 16. Ncxe4 Nxe4 17. Nxe4 Bf5 18. Rae1 Bxe4 19.
Rxe4 Nc5 20. Re2 Qd7 21. h4 1/2-1/2

[Event "Hull 4NCL GM Tournament"]
[Site "Hull University, Hull, UK"]
[Date "2021.10.20"]
[Round "1.4"]
[White "Czopor, Maciej"]
[Black "Fodor, Tamas Jr."]
[Result "1-0"]
[TimeControl "90+30"]
[WhiteClock "00:01:04"]
[BlackClock "00:04:39"]
[WhiteElo "2411"]
[BlackElo "2524"]

1. e4 e6 2. d4 d5 3. Nd2 c5 4. Ngf3 cxd4 5. Nxd4 Nc6 6. Bb5 Bd7 7. Nxc6 bxc6 8. Bd3 Bd6 9. Qe2 e5 10.
exd5 cxd5 11. c4 Nf6 12. O-O Bg4 13. f3 Be6 14. cxd5 Bc5+ 15. Kh1 Qxd5 16. Ne4 Bd4 17. Bh6 Nxe4 18.
Bxe4 Qc4 19. Bd3 Qxd3 20. Qxd3 gxh6 21. f4 Rd8 22. fxe5 Rg8 23. Rad1 Rg4 24. h3 Rh4 25. Qg3 Rh5 26.
Qa3 Rd7 27. Qb4 Rh4 28. Qe1 Rh5 29. Qe4 Rxe5 30. Qxh7 Red5 31. Rde1 Kd8 32. Qg8+ Kc7 33. Rc1+ Kb6 34. Qc8 R5d6 35.
Qb8+ Ka6 36. Rf3 Bb6 37. Qc8+ Kb5 38. a4+ Kb4 39. Rf4+ Rd4 40. Qc6 Kb3 41. Qc2+ Kb4 42. Qc6 Kb3 43.
Rf3+ 1-0

[Event "Hull 4NCL GM Tournament"]
[Site "Hull University, Hull, UK"]
[Date "2021.10.20"]
[Round "1.5"]
[White "Turner, Matthew J"]
[Black "Royal, Shreyas"]
[Result "1-0"]
[TimeControl "90+30"]
[WhiteClock "00:10:15"]
[BlackClock "00:00:42"]
[WhiteElo "2471"]
[BlackElo "2226"]

1. c4 e6 2. g3 Nf6 3. Bg2 d5 4. Nf3 Be7 5. O-O O-O 6. b3 b6 7. Bb2 Bb7 8. e3 c5 9. Nc3 Qc8 10.
cxd5 Nxd5 11. Nxd5 Bxd5 12. d4 a5 13. dxc5 bxc5 14. Ne5 Qb7 15. Bxd5 exd5 16. Qf3 Nd7 17. Nd3 Bd6 18. Rfd1 f6 19.
Rac1 a4 20. Nf4 Bxf4 21. exf4 axb3 22. axb3 Ra2 23. Qxd5+ Qxd5 24. Rxd5 Rxb2 25. Rxd7 Rf7 26. Rd8+ Rf8 27. Rd3 Rb8 28.
Rcc3 Rb7 29. Kg2 Kf7 30. g4 Rb4 31. Kg3 Rb7 32. h4 Rb1 33. f3 f5 34. h5 g6 35. Rxc5 fxg4 36. fxg4 R1xb3 37. Rxb3 Rxb3+ 38. Kh4 gxh5 39. Kxh5 Rb7 40. Kh6 Ke6 41. Re5+ Kd6 42. Re1 Kd5 43. f5 Rf7 44. Re8 Ra7 45.
g5 Rf7 46. f6 1-0

[ePGN "0.1;DGT LiveChess/2.2.5"]

[Event "Hull 4NCL GM Tournament"]
[Site "Hull University, Hull, UK"]
[Date "2021.10.21"]
[Round "2.2"]
[White "Fodor, Tamas Jr."]
[Black "Turner, Matthew J"]
[Result "1/2-1/2"]
[TimeControl "90+30"]
[WhiteElo "2524"]
[BlackElo "2471"]

1. d4 Nf6 2. Nf3 e6 3. Bf4 b6 4. e3 Bb7 5. Bd3 d6 6. h3 Nbd7 7. O-O Ne4 8. Nbd2 Nxd2 9. Nxd2 Be7 10.
a4 a5 11. Bh2 O-O 12. f4 e5 13. fxe5 dxe5 14. dxe5 Nc5 15. Nf3 Qd5 16. b3 Rad8 17. Bc4 Qe4 18. Qe2 Ne6 19. Bd3 Qb4 20.
Rad1 Be4 21. Bg3 Bxd3 22. Rxd3 Rxd3 23. Qxd3 Rd8 24. Qe2 Qe4 25. Kh2 Bc5 26. Re1 Bb4 27. Rf1 Bc5 28. Re1 1/2-1/2

[Event "Hull 4NCL GM Tournament"]
[Site "Hull University, Hull, UK"]
[Date "2021.10.22"]
[Round "4.1"]
[White "Willow, Jonah B"]
[Black "Fodor, Tamas Jr."]
[Result "0-1"]
[TimeControl "90+30"]
[WhiteElo "2353"]
[BlackElo "2524"]

1. e4 e6 2. d4 d5 3. Nd2 Nf6 4. e5 Nfd7 5. c3 c5 6. f4 Nc6 7. Ndf3 Qb6 8. g3 cxd4 9. cxd4 Be7 10.
Ne2 O-O 11. Bh3 f6 12. Bxe6+ Kh8 13. exf6 Nxf6 14. Bxc8 Bb4+ 15. Kf2 Raxc8 16. a3 Qa6 17. Kg2 Ne7 18. Ne5 Nf5 19. Qd3 Qxd3 20.
Nxd3 Rc2 21. Kf3 Ba5 22. Rd1 Ne4 23. b4 Bb6 24. Ne1 Rc4 25. Be3 g5 26. Bg1 h5 27. Rac1 g4+ 28. Kg2 Re8 29.
Rxc4 dxc4 30. Nc2 h4 31. gxh4 Nxh4+ 32. Kf1 Nf3 33. Ne3 Ned2+ 34. Kf2 Nxd4 35. Rxd2 Nf3 36. Ra2 Bxe3+ 37. Kg2 Nxg1 38.
Nxg1 Rd8 39. Re2 Rd3 40. Rc2 b5 41. Ne2 Rxa3 42. Kg3 Bd2+ 43. Kxg4 Bxb4 44. Nd4 a6 45. f5 Rd3 46. Nc6 Bd6 47.
f6 c3 48. Kf5 b4 49. Re2 Rd2 50. Re8+ Kh7 51. Re7+ Kh6 52. Re4 Rf2+ 53. Ke6 c2 54. Rc4 b3 55. Nd8 b2 56. Nf7 Kh5 0-1

[Event "Hull 4NCL GM Tournament"]
[Site "Hull University, Hull, UK"]
[Date "2021.10.22"]
[Round "4.2"]
[White "Jackson, James P"]
[Black "Royal, Shreyas"]
[Result "1-0"]
[TimeControl "90+30"]
[WhiteElo "2386"]
[BlackElo "2226"]

1. e4 e5 2. Nf3 Nc6 3. Bb5 a6 4. Ba4 Nf6 5. O-O Be7 6. Re1 b5 7. Bb3 d6 8. c3 O-O 9. h3 Bb7 10.
d4 Re8 11. Nbd2 Bf8 12. a3 h6 13. Bc2 Nb8 14. b4 Nbd7 15. Bb2 a5 16. Bd3 c6 17. Qb1 axb4 18. axb4 c5 19. bxc5 dxc5 20. Bxb5 cxd4 21. cxd4 Qb6 22.
Bxd7 Nxd7 23. Nc4 Qb5 24. Ncxe5 Nxe5 25. dxe5 Qb4 26. Bd4 Rxa1 27. Qxa1 Ra8 28. Qc3 Qxc3 29. Bxc3 Bc5 30. Bd4 Bxd4 31.
Nxd4 Ra4 32. Nb5 Rxe4 33. Rxe4 Bxe4 34. f4 Kf8 35. g4 g6 36. Kf2 Ke7 37. Nd6 Bd5 38. f5 gxf5 39. Nxf5+ Ke6 40.
Nxh6 Kxe5 41. Kg3 Kf6 42. Kf4 Bc4 43. h4 Kg6 44. Nf5 Be2 45. Ne7+ Kf6 46. Nd5+ Kg6 47. h5+ Kh6 48. Nf6 Bd3 49.
g5+ Kg7 50. Ng4 Be2 51. h6+ Kh7 52. Nf6+ Kg6 53. Nd7 Kh7 54. Kf5 Bd1 55. Kf6 Kg8 56. Ke7 Bb3 57. Nf6+ Kh8 58. Kf8 Bc4 59.
Ng4 Kh7 60. Ne5 Bb3 61. Nxf7 Bc2 62. Ne5 Bb1 63. Kf7 Bc2 64. Nd7 Bb3+ 65. Kf6 Bc2 66. Nf8+ Kg8 67. Ng6 Kh7 68. Ne7 Bd1 69.
Nf5 Bh5 70. Nd4 Bd1 71. g6+ Kxh6 72. g7 Kh7 73. Kf7 Bh5+ 74. Kf8 1-0

[Event "Hull 4NCL GM Tournament"]
[Site "Hull University, Hull, UK"]
[Date "2021.10.22"]
[Round "4.3"]
[White "Clarke, Brandon G I"]
[Black "Turner, Matthew J"]
[Result "1/2-1/2"]
[TimeControl "90+30"]
[WhiteElo "2442"]
[BlackElo "2471"]

1. e4 c6 2. d4 d5 3. e5 c5 4. dxc5 e6 5. a3 Nc6 6. Nf3 Bxc5 7. Bd3 Nge7 8. b4 Bb6 9. Bb2 Ng6 10.
O-O O-O 11. Re1 f6 12. exf6 gxf6 13. c4 Nf4 14. Bf1 e5 15. Bc1 dxc4 16. Bxf4 Qxd1 17. Rxd1 exf4 18. Bxc4+ Kh8 19. Nc3 Bg4 20.
Bd5 Rac8 21. Na4 Rfd8 22. Nxb6 axb6 23. h3 Bh5 24. b5 Na5 25. Be6 Rxd1+ 26. Rxd1 Bxf3 27. gxf3 Rc3 28. h4 Rxf3 29.
Bf5 h5 30. Rd8+ Kg7 31. Rd7+ Kg8 32. Be6+ Kh8 33. Rd5 Rxa3 34. Rxh5+ Kg7 35. Bf5 Rb3 36. Be4 Nc4 37. Rh7+ Kf8 38.
Rxb7 Nd6 39. Rb8+ Kg7 40. Bc6 Nxb5 41. Rxb6 1/2-1/2

[Event "Hull 4NCL GM Tournament"]
[Site "Hull University, Hull, UK"]
[Date "2021.10.22"]
[Round "4.4"]
[White "Murphy, Conor E"]
[Black "Czopor, Maciej"]
[Result "1/2-1/2"]
[TimeControl "90+30"]
[WhiteClock "00:00:44"]
[BlackClock "00:03:08"]
[WhiteElo "2428"]
[BlackElo "2411"]

1. e4 c5 2. Nf3 e6 3. d4 cxd4 4. Nxd4 Nc6 5. Nc3 Qc7 6. Be2 a6 7. O-O Nf6 8. Be3 Be7 9. f4 d6 10.
Qe1 O-O 11. Qg3 Nxd4 12. Bxd4 b5 13. a3 Bb7 14. Kh1 Rad8 15. Rae1 Bc6 16. Bf3 Qb7 17. Nd1 d5 18. e5 Ne4 19.
Bxe4 dxe4 20. Bc3 b4 21. axb4 Bxb4 22. f5 exf5 23. Rxf5 Bxc3 24. bxc3 Qe7 25. Rf6 Bd7 26. Rxa6 Rfe8 27.
Ne3 Qxe5 28. Qxe5 Rxe5 29. Rd1 Kf8 30. Rad6 Ke7 31. R6d4 f5 32. Nd5+ Ke8 33. Kg1 e3 34. Re1 Rc8 35.
Rd3 Be6 36. Rdxe3 Rxe3 37. Rxe3 Kf7 38. Nf4 Bc4 39. Kf2 g5 40. Nd3 Kf6 41. g3 Bd5 42. Ne5 Be4 43. Nd7+ Ke6 44. Nb6 Rc6 45.
Na4 Ke5 46. Nb2 f4 47. Nd3+ Kf5 48. g4+ Kxg4 49. Rxe4 Rxc3 50. Re2 h5 51. Rd2 Kf5 52. Nc1 g4 53. Ne2 Rf3+ 54. Kg2 Ke4 55.
Nd4 Rc3 56. Nb5 Rc5 57. c4 Ke3 58. Rd4 h4 59. Kf1 h3 60. Kg1 g3 61. hxg3 fxg3 62. Rh4 h2+ 63. Kg2 h1=Q+ 64. Kxh1 Kf2 65.
Rf4+ Ke3 66. Rg4 Kf2 67.
Rf4+ Ke3 68. Rd4 Kf2 69. Rd2+ Kf1 70. Rd1+ Kf2 71. Rd2+ 1/2-1/2

[Event "Hull 4NCL GM Tournament"]
[Site "Hull University, Hull, UK"]
[Date "2021.10.22"]
[Round "4.5"]
[White "Wadsworth, Matthew J"]
[Black "Davies, Nigel R"]
[Result "1/2-1/2"]
[TimeControl "90+30"]
[WhiteElo "2425"]
[BlackElo "2475"]

1. Nf3 Nf6 2. g3 d5 3. Bg2 e6 4. O-O Be7 5. c4 O-O 6. b3 c6 7. Bb2 b6 8. Qc2 Bb7 9. d3 c5 10.
Nbd2 Nc6 11. a3 d4 12. b4 Qc7 13. bxc5 bxc5 14. Rfb1 Rab8 15. Bc1 Ba8 16. Rxb8 Rxb8 17. Rb1 Nd7 18.
Ne1 Rxb1 19. Qxb1 Qb6 20. Qb5 a6 21. Qa4 Bb7 22. Nf1 f6 23. Bd2 Kf7 24. h4 Bd8 25. e3 Nce5 26. Qd1 Bxg2 27.
Kxg2 Kg8 28. f4 Nf7 29. e4 Qc6 30. Nf3 f5 31. e5 Nb6 32. Kf2 Qa4 33. Qxa4 Nxa4 34. Ke2 Kf8 35. Kd1 Ke8 36.
Kc2 Kd7 37. N1h2 Nb6 38. Kb3 Nc8 39. Ka4 Nb6+ 40. Kb3 Nc8 41. Be1 h5 42. Ng5 Bxg5 43. hxg5 Nd8 44. Nf3 Ne7 45. Nh4 Nb7 46.
Ka4 g6 47. Ba5 Kc6 48. Bd2 Kc7 49. Be1 Kd7 50. Ba5 1/2-1/2

[ePGN "0.1;DGT LiveChess/2.2.5"]

[Event "Hull 4NCL GM Tournament"]
[Site "Hull University, Hull, UK"]
[Date "2021.10.22"]
[Round "5.1"]
[White "Davies, Nigel R"]
[Black "Willow, Jonah B"]
[Result "1/2-1/2"]
[TimeControl "90+30"]
[WhiteElo "2475"]
[BlackElo "2353"]

1. g3 c5 2. Bg2 Nc6 3. Nf3 g6 4. c3 e5 5. d4 cxd4 6. cxd4 e4 7. Ne5 d5 8. Nxc6 bxc6 9. Qc2 Bd7 10.
Nc3 Bg7 11. e3 Ne7 12. b3 1/2-1/2

[Event "Hull 4NCL GM Tournament"]
[Site "Hull University, Hull, UK"]
[Date "2021.10.22"]
[Round "5.2"]
[White "Czopor, Maciej"]
[Black "Wadsworth, Matthew J"]
[Result "1-0"]
[TimeControl "90+30"]
[WhiteElo "2411"]
[BlackElo "2425"]

1. e4 c5 2. Nf3 e6 3. d4 cxd4 4. Nxd4 Nc6 5. Nc3 Qc7 6. Be3 a6 7. Qf3 Ne5 8. Qg3 h5 9. Nf5 f6 10.
O-O-O g6 11. f4 Ng4 12. h3 Nxe3 13. Qxg6+ Kd8 14. Ng7 Bxg7 15. Qxg7 Qxf4 16. Qxh8 Nxd1+ 17. Kxd1 Qg5 18. h4 Qg4+ 19.
Ne2 Kc7 20. Rh3 Ne7 21. Qxf6 Nc6 22. Rg3 Qxe4 23. Qf4+ Qxf4 24. Nxf4 e5 25. Nxh5 d5 26. Rg7+ Kd6 27. g4 Be6 28.
Nf6 Rf8 29. g5 Nd8 30. Be2 e4 31. c4 dxc4 32. Nxe4+ Kd5 33. Nf6+ Kd4 34. Re7 b5 35. h5 Bf5 36. g6 Ne6 37.
h6 Rd8 38. g7 Ke5+ 39. Rd7 Nxg7 40. Rxd8 Kd5 1-0

[Event "Hull 4NCL GM Tournament"]
[Site "Hull University, Hull, UK"]
[Date "2021.10.22"]
[Round "5.3"]
[White "Turner, Matthew J"]
[Black "Murphy, Conor E"]
[Result "0-1"]
[TimeControl "90+30"]
[WhiteClock "00:05:19"]
[BlackClock "00:01:26"]
[WhiteElo "2471"]
[BlackElo "2428"]

1. d4 d5 2. Nf3 Nf6 3. c4 e6 4. g3 dxc4 5. Qa4+ Nbd7 6. Bg2 a6 7. Qxc4 b5 8. Qc6 Ra7 9. Qc2 Bb7 10.
O-O c5 11. a4 b4 12. Be3 Be4 13. Qd1 Rc7 14. Nbd2 Bd5 15. Rc1 Be7 16. b3 O-O 17. Bf4 Rc8 18. Bg5 cxd4 19. Nxd4 Bxg2 20.
Kxg2 Nc5 21. Bxf6 Bxf6 22. N4f3 Bc3 23. Qc2 Bxd2 24. Qxd2 a5 25. Qe3 Qd5 26. Rb1 Ne4 27. Rfd1 Qb7 28.
Rd4 Nc3 29. Rb2 Nd5 30. Qe5 Qb6 31. e4 f6 32. Qh5 Nc3 33. Rbd2 Rcd8 34. Qg4 Rxd4 35. Nxd4 Re8 36. Nb5 Qc6 37.
Nd6 f5 38. Qf3 Rf8 39. exf5 Nd5 40. Qe4 Qxd6 41. fxe6 Nf6 42. Qc4 Qxd2 43. e7+ Qd5+ 0-1

[Event "Hull 4NCL GM Tournament"]
[Site "Hull University, Hull, UK"]
[Date "2021.10.22"]
[Round "5.4"]
[White "Royal, Shreyas"]
[Black "Clarke, Brandon G I"]
[Result "0-1"]
[TimeControl "90+30"]
[WhiteElo "2226"]
[BlackElo "2442"]

1. d4 Nf6 2. c4 g6 3. Nc3 d5 4. cxd5 Nxd5 5. e4 Nxc3 6. bxc3 Bg7 7. Bc4 c5 8. Ne2 Nc6 9. Be3 O-O 10.
O-O Bg4 11. f3 Bd7 12. Rb1 Rc8 13. Qd2 Qc7 14. Rfc1 Na5 15. Bd3 b6 16. Bh6 e5 17. h4 Qd6 18. Bxg7 Kxg7 19. Qe3 Rfd8 20.
d5 c4 21. Bc2 Qc5 22. Kf2 Nb7 23. g4 Nd6 24. g5 h6 25. Rh1 Re8 26. Rbg1 h5 27. Ra1 Qa3 28. Rhb1 Re7 29. Kg3 Rf8 30.
f4 exf4+ 31. Qxf4 Rfe8 32. Rf1 Bf5 33. exf5 Rxe2 34. Qd4+ Kg8 35. fxg6 Rxc2 36. gxf7+ Nxf7 37. Rxf7 Rxc3+ 38. Kg2 Qb2+ 39. Rf2 Rg3+ 0-1

[Event "Hull 4NCL GM Tournament"]
[Site "Hull University, Hull, UK"]
[Date "2021.10.22"]
[Round "5.5"]
[White "Fodor, Tamas Jr."]
[Black "Jackson, James P"]
[Result "1-0"]
[TimeControl "90+30"]
[WhiteElo "2524"]
[BlackElo "2386"]

1. d4 Nf6 2. c4 e6 3. Nc3 Bb4 4. e3 O-O 5. Bd2 d5 6. Rc1 b6 7. cxd5 exd5 8. Nf3 Re8 9. Bd3 a6 10.
Ne5 Bd6 11. f4 Bb7 12. O-O c5 13. Be1 c4 14. Bb1 b5 15. Bh4 Ra7 16. Rf3 Be7 17. Bxf6 Bxf6 18. Bxh7+ Kf8 19. Bb1 Bc8 20.
Rf2 b4 21. Ne2 Qb6 22. Ng3 Bh4 23. Qh5 Qh6 24. Qf3 Rd8 25. Rd2 a5 26. e4 Bxg3 27. hxg3 f6 28. Ng4 Bxg4 29. Qxg4 Re7 30.
exd5 Nd7 31. d6 Rf7 32. Rxc4 f5 33. Bxf5 Qxd6 34. Qh4 1-0

[ePGN "0.1;DGT LiveChess/2.2.5"]

[Event "Hull 4NCL GM Tournament"]
[Site "Hull University, Hull, UK"]
[Date "2021.10.23"]
[Round "6.2"]
[White "Clarke, Brandon G I"]
[Black "Fodor, Tamas Jr."]
[Result "1/2-1/2"]
[TimeControl "90+30"]
[WhiteElo "2442"]
[BlackElo "2524"]

1. e4 e6 2. d4 d5 3. Nc3 Bb4 4. e5 c5 5. a3 Bxc3+ 6. bxc3 Ne7 7. Qg4 Qc7 8. Qxg7 Rg8 9. Qxh7 cxd4 10.
Ne2 Nbc6 11. f4 dxc3 12. Qd3 d4 13. Nxd4 Nxd4 14. Qxd4 Bd7 15. Rg1 Nf5 16. Qf2 Qc6 17. Bd3 Qd5 18.
Rb1 Bc6 19. Rb3 O-O-O 20. Rxc3 Kb8 21. g4 Nd4 22. Rg3 a6 23. Be3 Qh1+ 24. Bf1 Nb5 25. Rd3 Rxd3 26. cxd3 Nxa3 27. g5 1/2-1/2

[Event "Hull 4NCL GM Tournament"]
[Site "Hull University, Hull, UK"]
[Date "2021.10.23"]
[Round "6.3"]
[White "Murphy, Conor E"]
[Black "Royal, Shreyas"]
[Result "1-0"]
[TimeControl "90+30"]
[WhiteElo "2428"]
[BlackElo "2226"]

1. e4 e5 2. Nf3 Nc6 3. Bb5 a6 4. Ba4 Nf6 5. O-O Be7 6. Re1 b5 7. Bb3 d6 8. c3 O-O 9. h3 Bb7 10.
d4 Re8 11. Nbd2 Bf8 12. a3 h6 13. Bc2 Nb8 14. b3 Nbd7 15. Bb2 g6 16. Bd3 Bg7 17. dxe5 dxe5 18. Qc2 Nc5 19. Bf1 Nfd7 20.
c4 c6 21. Rad1 Ne6 22. b4 Qe7 23. Nb3 Ng5 24. Nxg5 hxg5 25. Bc1 Nf8 26. Nc5 Bc8 27. Be2 Ne6 28. Nxe6 Bxe6 29. Be3 Bf8 30.
Bc5 Qb7 31. Bxf8 Kxf8 32. Rd6 Qc8 33. Red1 Ra7 34. Qc3 Bxc4 35. Bxc4 bxc4 36. Qxc4 Rc7 37. Qc1 g4 38. Qg5 Rce7 39.
hxg4 Qa8 40. Qf6 Kg8 41. R1d3 Re6 42. Rxe6 fxe6 43. Rd7 1-0

[Event "Hull 4NCL GM Tournament"]
[Site "Hull University, Hull, UK"]
[Date "2021.10.23"]
[Round "7.1"]
[White "Czopor, Maciej"]
[Black "Willow, Jonah B"]
[Result "1/2-1/2"]
[TimeControl "90+30"]
[WhiteElo "2411"]
[BlackElo "2353"]

1. e4 e5 2. Nf3 Nc6 3. Bc4 Bc5 4. c3 Nf6 5. d4 exd4 6. e5 d5 7. Bb5 Ne4 8. cxd4 Bb6 9. Nc3 Bg4 10.
Be3 O-O 11. h3 Bh5 12. Qc2 Bg6 13. Qb3 Ne7 14. O-O c6 15. Bd3 Nd2 16. Nxd2 Bxd3 17. Rfe1 Bg6 18. Na4 Nf5 19. Nf3 Nxe3 20.
Rxe3 f6 21. Nxb6 Qxb6 22. exf6 gxf6 23. Qc3 Rae8 24. Rae1 Re4 25. Rxe4 dxe4 26. Nd2 f5 27. Nc4 Qd8 28. Ne5 Qd5 29.
Qg3 Qxd4 30. Nxg6 hxg6 31. Qxg6+ Qg7 32. Qe6+ Qf7 33. Qh6 Qf6 34. Qf4 Qxb2 35. Re3 Rf7 36. Rg3+ Rg7 37. Rxg7+ Qxg7 38.
Qxf5 Qe7 39. h4 Kh8 40. Qf4 c5 41. h5 c4 42. Qh6+ Kg8 43. Qg6+ Kh8 44. Qh6+ Kg8 45. Qg6+ 1/2-1/2

[Event "Hull 4NCL GM Tournament"]
[Site "Hull University, Hull, UK"]
[Date "2021.10.23"]
[Round "7.3"]
[White "Royal, Shreyas"]
[Black "Wadsworth, Matthew J"]
[Result "0-1"]
[TimeControl "90+30"]
[WhiteElo "2226"]
[BlackElo "2425"]

1. d4 Nf6 2. c4 c5 3. d5 e6 4. Nc3 exd5 5. cxd5 d6 6. Nf3 g6 7. Bf4 a6 8. a4 Bg7 9. h3 O-O 10.
e3 Qe7 11. Be2 Nbd7 12. O-O Ne8 13. Re1 Rb8 14. e4 Ne5 15. Nxe5 Bxe5 16. Qd2 Bd7 17. Bxe5 Qxe5 18. Rad1 g5 19.
Bf1 b5 20. axb5 axb5 21. Re3 Ng7 22. b4 h6 23. g3 h5 24. Ne2 g4 25. hxg4 hxg4 26. Nf4 c4 27. Be2 Ra8 28. Qe1 Ra2 29.
Kg2 Rfa8 30. Qh1 Qg5 31. Re1 Ne8 32. Bd1 R8a3 33. Rxa3 Rxa3 34. Bc2 Nf6 35. Qh2 Ra2 36. Rh1 Kf8 37.
Qh8+ Ke7 38. Bb1 Rb2 39. e5 Qxe5 40. Qg7 Rxf2+ 41. Kxf2 Ne4+ 42. Bxe4 Qxg7 43. Ne2 Qf6+ 44. Ke3 Bf5 45.
Bg2 Qe5+ 46. Kf2 Qb2 0-1

[Event "Hull 4NCL GM Tournament"]
[Site "Hull University, Hull, UK"]
[Date "2021.10.23"]
[Round "7.4"]
[White "Fodor, Tamas Jr."]
[Black "Murphy, Conor E"]
[Result "1/2-1/2"]
[TimeControl "90+30"]
[WhiteElo "2524"]
[BlackElo "2428"]

1. d4 d5 2. c4 e6 3. Nc3 Nf6 4. cxd5 exd5 5. Bg5 c6 6. Qc2 h6 7. Bh4 Be7 8. e3 O-O 9. Bd3 Re8 10.
Nge2 a5 11. O-O Nbd7 12. f3 b5 13. e4 dxe4 14. fxe4 Ng4 15. Bxe7 Qxe7 16. Qd2 b4 17. Na4 Ba6 18. Bxa6 Rxa6 19.
e5 c5 20. h3 Ngf6 21. Nf4 Nh7 22. Qd3 Ra7 23. Rae1 cxd4 24. Qxd4 Ndf8 25. Nd5 Qd7 26. Nab6 Ne6 27. Qc4 Qd8 28.
Qc6 Nd4 29. Qc4 Ne6 30. Qc6 Nd4 31. Qc4 Ne6 1/2-1/2

[Event "Hull 4NCL GM Tournament"]
[Site "Hull University, Hull, UK"]
[Date "2021.10.23"]
[Round "7.5"]
[White "Jackson, James P"]
[Black "Clarke, Brandon G I"]
[Result "0-1"]
[TimeControl "90+30"]
[WhiteElo "2386"]
[BlackElo "2442"]

1. e4 c5 2. Nf3 d6 3. d4 cxd4 4. Nxd4 Nf6 5. Nc3 a6 6. f3 e5 7. Nb3 Be7 8. Be3 Be6 9. g4 d5 10.
g5 d4 11. gxf6 Bxf6 12. Bf2 dxc3 13. Qxd8+ Bxd8 14. bxc3 Nd7 15. Nc5 Ba5 16. Nxe6 fxe6 17. O-O-O Rf8 18. Rd3 Rc8 19. Kb2 Rxc3 20.
Be2 Rxd3 21. cxd3 Bb6 22. Bxb6 Nxb6 23. Kc2 Nc8 24. Rg1 Kf7 25. Kd2 Nd6 26. a4 Rc8 27. h4 Kf6 28. Rb1 Rc6 29.
Ke3 Rc2 30. Rb6 Ke7 31. Bd1 Rh2 32. f4 exf4+ 33. Kxf4 Rxh4+ 34. Kg3 Rh1 35. Bf3 Ra1 36. e5 Nf5+ 37. Kf2 Ra2+ 38. Ke1 Rxa4 39.
Rxb7+ Kf8 40. Be4 Ne7 41. Kd2 h5 42. Ke3 a5 43. d4 Rb4 44. Ra7 a4 45. Kd3 h4 46. Kc3 Rb3+ 47. Kc4 Re3 48.
Bh1 a3 49. Kc5 Rc3+ 50. Kb4 Rh3 51. Ba8 g5 52. Bb7 g4 53. Kc5 Rb3 54. d5 exd5 55. Bxd5 Nxd5 56. Kxd5 h3 0-1

[ePGN "0.1;DGT LiveChess/2.2.5"]

[Event "Hull 4NCL GM Tournament"]
[Site "Hull University, Hull, UK"]
[Date "2021.10.24"]
[Round "8.3"]
[White "Wadsworth, Matthew J"]
[Black "Fodor, Tamas Jr."]
[Result "0-1"]
[TimeControl "90+30"]
[WhiteElo "2425"]
[BlackElo "2524"]

1. c4 e5 2. g3 Nc6 3. Nc3 Bc5 4. Bg2 d6 5. e3 a6 6. Nge2 Ba7 7. b3 h5 8. Bb2 h4 9. d4 Bf5 10.
Qd2 Qd7 11. O-O-O O-O-O 12. Bxc6 Qxc6 13. dxe5 hxg3 14. Nxg3 Bg4 15. Nd5 Bxd1 16. Rxd1 Rxh2 17. Nf5 Qd7 18. exd6 cxd6 19. Qa5 Rxf2 20.
e4 Rxb2 21. Kxb2 g6 22. Nd4 Kb8 23. Nb4 Ne7 24. Qg5 Re8 25. Qf6 Nc8 26. e5 a5 27. Nd5 Rxe5 28. Nc2 g5 29. Rh1 g4 30.
Rh8 Re8 31. Rh7 Rg8 32. Rxf7 Qe8 33. Ne7 Nxe7 34. Qxd6+ Ka8 35. Rxe7 Qc6 36. Qxc6 bxc6 37. Re2 g3 38. Ne1 Bf2 39.
Ng2 Rh8 40. Ka3 Rh2 41. Ne3 Kb7 42. b4 g2 43. Nxg2 Rxg2 44. Rb2 axb4+ 45. Rxb4+ Kc7 46. Ra4 Bc5+ 47. Kb3 Rg3+ 48. Kc2 Ra3 0-1

[Event "Hull 4NCL GM Tournament"]
[Site "Hull University, Hull, UK"]
[Date "2021.10.31"]
[Round "9.2"]
[White "Royal, Shreyas"]
[Black "Czopor, Maciej"]
[Result "0-1"]
[TimeControl "90+30"]
[WhiteElo "2226"]
[BlackElo "2411"]

1. d4 Nf6 2. c4 e6 3. Nf3 b6 4. g3 Bb7 5. Bg2 Be7 6. O-O O-O 7. Nc3 Ne4 8. Bd2 d5 9. cxd5 exd5 10.
Bf4 Nd7 11. Rc1 Nxc3 12. Rxc3 c5 13. Qa4 cxd4 14. Nxd4 Nc5 15. Qc2 Bf6 16. Rd1 a5 17. e4 Bxd4 18. Rxd4 Ne6 19. Rd1 d4 20.
Be5 Re8 21. Qa4 dxc3 22. Rxd8 Raxd8 23. Bxc3 Nc5 24. Qc2 Bxe4 25. Bxe4 Nxe4 26. Qb3 Re6 27. Qc4 Nxc3 28. Qxc3 h6 29.
b4 axb4 30. Qxb4 g6 31. h4 h5 32. a4 Rd5 33. Kg2 Rf5 34. Qc4 Kh7 35. Qd3 Ref6 36. f4 Re6 37. Qd7 Re2+ 38. Kf3 Ra2 39.
Ke3 Ra3+ 40. Kf2 Rc3 41. Qb7 Rc4 42. Qxb6 Rxa4 43. Qc7 Ra8 44. Kg2 Kg8 45. Kh3 Ra3 46. Qb8+ Kh7 47. Qc7 Rb3 48.
Qc4 Rbb5 49. Qc7 Rbc5 50. Qd7 Rc3 51. Kg2 Re3 52. Kf2 Re6 53. Kf3 Kg7 54. Qd4+ Kf8 55. Qh8+ Ke7 56. Qb8 Rd6 57.
Qb7+ Rd7 58. Qb4+ Ke8 59. Qb8+ Rd8 60. Qb2 Rd3+ 61. Kg2 Rfd5 62. Qg7 Rb3 63. Kh2 Rd2+ 64. Kh3 Rbb2 65. Qe5+ Kd7 0-1

[Event "Hull 4NCL GM Tournament"]
[Site "Hull University, Hull, UK"]
[Date "2021.10.31"]
[Round "9.3"]
[White "Fodor, Tamas Jr."]
[Black "Davies, Nigel R"]
[Result "1/2-1/2"]
[TimeControl "90+30"]
[WhiteElo "2524"]
[BlackElo "2475"]

1. d4 Nf6 2. Nf3 d5 3. Bf4 c5 4. e3 cxd4 5. exd4 Nc6 6. c3 g6 7. Bd3 Bg7 8. O-O O-O 9. h3 Bf5 10.
Bxf5 gxf5 11. Ne1 e6 12. Nd3 Ne7 13. Nd2 Ng6 14. Bg5 Qc7 15. Bxf6 Bxf6 16. f4 Kh8 17. Qh5 Rg8 18. Kh1 Rg7 19.
Rf2 Rag8 20. Rg1 Ne7 21. g4 Nc8 22. Rfg2 Nd6 23. g5 Bd8 24. Ne5 Qe7 25. g6 fxg6 26. Nxg6+ Rxg6 27. Rxg6 Rxg6 28.
Rxg6 Qf7 29. Qh6 Qxg6 30. Qf8+ Qg8 31. Qxd6 Bf6 32. Nf3 Kg7 33. Kh2 h6 34. Qc7+ Qf7 35. Qb8 a6 36. Qc8 Qe7 37.
Kg3 Kf7 38. Kf2 Kg7 39. Ke3 Kf7 40. Ne1 a5 41. Nd3 b6 42. Qb8 Qd8 43. Qb7+ Kg6 44. Qc6 Kf7 45. Qb7+ Kg6 46. a4 Bg7 47.
Ne1 Bf8 48. Nf3 Bd6 49. Qc6 Kf7 50. Ne5+ Bxe5 51. dxe5 Qh4 52. Qd7+ Kf8 53. Qd6+ Kf7 54. Qd7+ 1/2-1/2